 Dungeon Crawl Stone Soup version 0.28.0-62-gf88900778d (webtiles) character file.

Game seed: 6915963207699436197

169 jjjjhere the Skirmisher (level 5, -1/61 HPs)
             Began as an Ogre Arcane Marksman on Aug 4, 2023.
             Slain by Natasha (3 damage)
             ... on level 3 of the Dungeon on Aug 18, 2023.
             The game lasted 00:06:21 (3852 turns).

jjjjhere the Skirmisher (Ogre Arcane Marksman)      Turns: 3852, Time: 00:06:22

Health: -1/61      AC:  4    Str: 16    XL:     5   Next: 50%
Magic:  6/6        EV:  9    Int: 20    God:
Gold:   168        SH:  0    Dex:  9    Spells: 5/6 levels left

rFire   . . .      SeeInvis .   b - +0 short sword (venom)
rCold   . . .      Faith    .   (no shield)
rNeg    . . .      Spirit   .   a - +0 robe
rPois   .          Reflect  .   (helmet restricted)
rElec   .          Harm     .   l - +0 cloak
rCorr   .          Rampage  .   (gloves unavailable)
Will    .....                   (boots unavailable)
Stlth   +.........              (no amulet)
HPRegen 0.20/turn               j - +6 ring of intelligence
MPRegen 0.10/turn               (no ring)

@: no status effects
A: large, unfitting armour, tough skin 1
a: no special abilities


You were on level 3 of the Dungeon.
You visited 1 branch of the dungeon, and saw 4 of its levels.

You collected 168 gold pieces.

Inventory:

Hand Weapons
 b - a +0 short sword of venom (weapon)
Missiles
 c - a throwing net (quivered)
 d - 3 large rocks
 h - 4 atropa-tipped darts
Armour
 a - a +0 robe (worn)
 l - a +0 cloak (worn)
Jewellery
 j - a +6 ring of intelligence (left hand)
Wands
 o - a wand of paralysis (5)
Scrolls
 f - a scroll of enchant armour {unknown}
 i - a scroll of noise {unknown}
 k - a scroll of teleportation {unknown}
 m - a scroll of summoning {unknown}
Potions
 e - a potion of lignification {unknown}
 g - a potion of invisibility {unknown}
 n - a potion of heal wounds
 p - a potion of magic {unknown}


   Skills:
 + Level 6.9 Fighting
 - Level 2.0 Throwing
 - Level 1.7 Dodging
 - Level 1.2 Spellcasting
 - Level 2.6 Hexes


You had 5 spell levels left.
You knew the following spells:

 Your Spells              Type           Power      Damage    Failure   Level
a - Slow                  Hex            44%        N/A       6%          1

Your spell library contained the following spells:

 Spells                   Type           Power      Damage    Failure   Level
 Animate Skeleton         Necr           2%         N/A       17%         1
 Pain                     Necr           4%         1d4       17%         1
 Inner Flame              Hex/Fire       6%         N/A       30%         3
 Portal Projectile        Hex/Tloc       12%        N/A       30%         3
 Ignite Poison            Fire/Tmut/Pois 1%         N/A       45%         3
 Mephitic Cloud           Conj/Pois/Air  1%         N/A       45%         3
 Vampiric Draining        Necr           1%         2d6       45%         3
 Cause Fear               Hex            5%         N/A       50%         4
 Freezing Cloud           Conj/Ice/Air   0%         6-21      99%         5


Dungeon Overview and Level Annotations

Branches:
Dungeon (4/15)
 Temple: D:4-7

Altars:
Sif Muna

Annotations:
D:3 Natasha


Innate Abilities, Weirdness & Mutations

You are too large for most types of armour.
You have tough skin. (AC +1)


Message History

The crimson imp hits you but does no damage.
Natasha barely misses you. The iron imp misses you.
You barely miss Natasha.
Natasha is moderately wounded.
The crimson imp hits you but does no damage.
Natasha claws you but does no damage. The iron imp hits you.
You barely miss Natasha.
Natasha is moderately wounded.
The crimson imp barely misses you.
Natasha mumbles some strange words.
The iron imp hits you.
* * * LOW HITPOINT WARNING * * *
The crimson imp hits you but does no damage.
Natasha howls an incantation.
You feel troubled.
The crimson imp blinks!
You closely miss Natasha.
Natasha is moderately wounded.
Natasha claws you.
* * * LOW HITPOINT WARNING * * *
You closely miss Natasha.
Natasha is heavily wounded.
Natasha claws you!
* * * LOW HITPOINT WARNING * * *
Natasha drinks a potion.
Natasha is healed!
You see here the felid corpse of Natasha.
You closely miss Natasha.
Natasha is lightly wounded.
Natasha claws you.
* * * LOW HITPOINT WARNING * * *
You closely miss Natasha.
Natasha is lightly wounded.
The crimson imp disappears in a puff of smoke!
Natasha barely misses you.
You closely miss Natasha.
Natasha is lightly wounded.
Natasha howls an incantation.
You feel disoriented. Natasha claws you.
You die...

##.###...#.#................####.
#.# ##.##.#.....)...#...........
#.# #....#...........##.....#.#
#.####.####..................[..
#...........##.#................
###.....[.###..#.#..)..........>
#...........##5#..............
#.....#.....##h#......#.......
#.......#....@5.......#....#..
#.....#####..#).)#......##....
#####.# ##..)..#......##.... #.#
##.................. #.#
#.).).......##.##...
#.#####.....###......#....
#.##.....##.# #.#.........
##.#..##..##.###<..........
##..#.###..#......#.###.....


You could see an iron imp (summoned), Natasha (poisoned) and a white imp
(summoned).

Vanquished Creatures
  Ijyb (D:3)
  Natasha (D:3)
  2 adders
  A worm (D:3)
  A dart slug (D:1)
  11 orcs
  7 bats
  7 endoplasms
  2 giant cockroaches (D:3)
  6 hobgoblins (D:1)
  3 jackals (D:3)
  5 quokkas
  7 ball pythons
  3 frilled lizards
  10 goblins
  6 kobolds
  3 rats
76 creatures vanquished.

Notes
Turn   | Place    | Note
-------+----------+-------------------------------------------
     0 | D:1      | jjjjhere the Ogre Arcane Marksman began the quest for the
                  | Orb.
     0 | D:1      | Reached XP level 1. HP: 19/19 MP: 2/2
    57 | D:1      | Reached skill level 2 in Fighting
    63 | D:1      | Reached XP level 2. HP: 24/29 MP: 3/3
    73 | D:1      | HP: 8/29 [hobgoblin (2)]
    93 | D:1      | HP: 7/29 [frilled lizard (2)]
   104 | D:1      | HP: 7/29 [frilled lizard (1)]
   105 | D:1      | HP: 3/29 [hobgoblin (1)]
   120 | D:1      | HP: 1/29 [dart slug/slug dart (3)]
   131 | D:2      | HP: 1/29 [bat (1)]
   149 | D:2      | Reached skill level 3 in Fighting
   694 | D:1      | Reached XP level 3. HP: 38/39 MP: 4/4
   821 | D:1      | Found a faded altar of an unknown god.
   869 | D:1      | Reached skill level 4 in Fighting
  2157 | D:2      | Reached skill level 5 in Fighting
  2157 | D:2      | Reached XP level 4. HP: 44/50 MP: 5/5
  2432 | D:3      | Found a shimmering blue altar of Sif Muna.
  3039 | D:3      | Noticed Ijyb
  3047 | D:3      | Killed Ijyb
  3048 | D:3      | Reached skill level 6 in Fighting
  3048 | D:3      | Reached XP level 5. HP: 55/59 MP: 6/6
  3755 | D:4      | Noticed Natasha
  3760 | D:4      | Noticed a black bear
  3777 | D:3      | Killed Natasha
  3832 | D:3      | Noticed Natasha
  3842 | D:3      | HP: 19/61 [iron imp[Natasha] (6)]
  3847 | D:3      | HP: 5/61 [Natasha (8)]
  3850 | D:3      | HP: 1/61 [Natasha (4)]
  3852 | D:3      | Slain by Natasha

Illustrated notes

Levels and vault maps discovered:
D:1:      psy_arrival_statuary, layout_loops_ring,
          shapermc_ecumenical_altar_mp_vishouse, hangedman_decor_lopped,
          grunt_decor_mini_mirrors
D:2:      layout_basic, hangedman_decor_peaks_small
D:3:      layout_rooms, nicolae_overflow_crystal_walls, uniq_ijyb
D:4:      kennysheep_the_goblin_king, layout_basic,
          mainiacjoe_overflow_boulevard, portal_sewer_entry_d,
          chequers_decorated_corner, uniq_natasha

Skill      XL: |  1  2  3  4 |
---------------+-------------+-----
Fighting       | 2 3 5 6 |  6.9
Throwing       | |  2.0
Dodging        | |  1.7
Spellcasting   | |  1.2
Hexes          | |  2.6

Action                   |  1- 3 |  4- 6 || total
-------------------------+-------+-------++-------
Melee: Unarmed           |    17 |       ||    17
       Punch             |     2 |     1 ||     3
       Short sword       |   104 |   129 ||   233
Throw: Large rock        |     6 |     3 ||     9
       Throwing net      |     2 |     1 ||     3
 Stab: Held in net/web   |     1 |       ||     1
       Sleeping          |     1 |       ||     1
Armor: Robe              |    44 |    47 ||    91
Dodge: Dodged            |    75 |    82 ||   157
